 Dungeon Crawl Stone Soup version 0.26-a0-597-gb535b09 (webtiles) character file.

Game seed: 4382823832031572921

107 DrKleor the Skirmisher (level 4, -5/39 HPs)
             Began as a Demonspawn Fighter on Aug 25, 2020.
             Slain by a gnoll (6 damage)
             ... on level 3 of the Dungeon.
             The game lasted 00:03:21 (2273 turns).

DrKleor the Skirmisher (Demonspawn Fighter)         Turns: 2273, Time: 00:03:21

Health: -5/39      AC:  6    Str: 24    XL:     4   Next: 57%
Magic:  4/4        EV:  7    Int:  9    God:
Gold:   151        SH:  9    Dex: 12    Spells: 3/3 levels left

rFire    . . .     SeeInvis .   a - +0 flail
rCold    . . .     Faith    .   c - +0 kite shield
rNeg     . . .     Spirit   .   b - +0 scale mail
rPois    .         Reflect  .   (no helmet)
rElec    .         Harm     .   (no cloak)
rCorr    .                      (no gloves)
MR       .....                  (no boots)
Stlth    ..........             (no amulet)
HPRegen  0.13/turn              l - +6 ring of strength
MPRegen  0.09/turn              (no ring)

@: no status effects
A: claws 1, powered by death 1
a: no special abilities


You were on level 3 of the Dungeon.
You visited 1 branch of the dungeon, and saw 3 of its levels.

You collected 151 gold pieces.

Inventory:

Hand Weapons
 a - a +0 flail (weapon)
Armour
 b - a +0 scale mail (worn)
 c - a +0 kite shield (worn)
Jewellery
 l - a +6 ring of strength (left claw)
Wands
 m - a wand of digging (4)
Scrolls
 f - a scroll of blinking {unknown}
 g - 4 scrolls of identify {unknown}
 h - 2 scrolls of immolation {unknown}
 j - 2 scrolls of amnesia {unknown}
 n - a scroll of fog {unknown}
 o - a scroll of enchant armour {unknown}
 p - a scroll of teleportation {unknown}
Potions
 d - 2 potions of might
 e - a potion of degeneration {unknown}
 i - 3 potions of flight {unknown}
 k - 3 potions of curing {unknown}


   Skills:
 + Level 5.2 Fighting
 - Level 1.7 Maces & Flails
 - Level 2.6 Armour
 - Level 2.6 Shields
 + Level 1.0 Unarmed Combat


You had 3 spell levels left.
You didn't know any spells.
Your spell library was empty.

Dungeon Overview and Level Annotations

Branches:
Dungeon (3/15)

Altars:
Fedhas
Uskayaw


Innate Abilities, Weirdness & Mutations

You have sharp fingernails.
You regenerate a little health from kills.


Message History

* * * LOW HITPOINT WARNING * * *
Okay, then.
You barely miss the gnoll.
The gnoll is almost dead.
You block the gnoll's attack. x2
You hit the gnoll.
You kill the gnoll!
Your Unarmed Combat skill increases to level 1!
You block the gnoll's attack.
You see here a spear.
You miss the leopard gecko.
The leopard gecko bites you but does no damage.
You block the gnoll's attack. The leopard gecko closely misses you.
You barely miss the leopard gecko. The gnoll barely misses you.
You block the leopard gecko's attack.
The leopard gecko bites you but does no damage.
You barely miss the gnoll. The gnoll hits you with a +0 halberd!
* * * LOW HITPOINT WARNING * * *
You block the leopard gecko's attack. The gnoll hits you.
You die...

#.# #.# #.# ###
########.####)##
#....g.l.)...#.####
#.###.#...#.###...g
#r# #......#.#.####
####g###.#...###.#
# #...g@l..##).#
#######
#.##.######..# #...
# #.# #..# #.## #..
...# # # ### #...#
..... ......
.......


You could see 2 gnolls, a leopard gecko and a quokka.

Vanquished Creatures
  Terence (D:2)
  A gnoll (D:3)
  2 adders (D:2)
  2 leopard geckos
  An orc (D:3)
  2 bats
  A giant cockroach (D:2)
  5 goblins
  4 hobgoblins
  2 jackals (D:1)
  A quokka (D:2)
  A ball python (D:2)
  2 frilled lizards
  6 kobolds
  24 rats
55 creatures vanquished.

Notes
Turn   | Place    | Note
-------+----------+-------------------------------------------
     0 | D:1      | DrKleor the Demonspawn Fighter began the quest for the Orb.
     0 | D:1      | Reached XP level 1. HP: 18/18 MP: 1/1
   340 | D:1      | Gained mutation: You regenerate a little health from kills.
                  | [demonic ancestry]
   340 | D:1      | Reached XP level 2. HP: 24/24 MP: 2/2
   969 | D:2      | Reached skill level 4 in Fighting
  1083 | D:2      | Reached XP level 3. HP: 30/30 MP: 3/3
  1097 | D:2      | Noticed Terence
  1113 | D:2      | Killed Terence
  1330 | D:2      | Reached skill level 5 in Fighting
  1330 | D:2      | Gained mutation: You have sharp fingernails. [demonic
                  | ancestry]
  1330 | D:2      | Reached XP level 4. HP: 30/39 MP: 4/4
  1957 | D:3      | Noticed a +0 dagger
  1957 | D:3      | Noticed a +0 hand axe
  1958 | D:3      | Found a hide-covered altar of Uskayaw.
  1971 | D:3      | Found a blossoming altar of Fedhas.
  2254 | D:3      | Reached skill level 1 in Unarmed Combat
  2273 | D:3      | HP: 1/39 [gnoll/+0 halberd (9)]
  2273 | D:3      | Slain by a gnoll

Illustrated notes

Levels and vault maps discovered:
D:1:      evilmike_arrival_crescent, layout_basic
D:2:      layout_loops_corners, minmay_rat_hole, uniq_terence
D:3:      layout_loops_corners, lemuel_doored_altar, dancing_weapons_uskayaw,
          nicolae_overflow_crystal_walls

Skill      XL: |  1  2  3  4 |
---------------+-------------+-----
Fighting       | 4 5 |  5.2
Unarmed Combat | 1 |  1.0
Maces & Flails | |  1.7
Armour         | |  2.6
Shields        | |  2.6

Action                   |  1- 3 |  4- 6 || total
-------------------------+-------+-------++-------
Melee: Flail             |    83 |    84 ||   167
Armor: Scale mail        |    31 |    29 ||    60
Dodge: Dodged            |    31 |    32 ||    63
Block: Kite shield       |    55 |    50 ||   105

Table legend: (Time is in decaauts)
 A = Elapsed time spent in this place.
 B = Non-inter-level travel time spent in this place.
 C = Inter-level travel time spent in this place.
 D = Time resting spent in this place.
 E = Time spent auto-exploring this place.
 F = Levels seen in this place.
 G = Mean time per level.
                   A        B        C        D        E       F      G
               +--------+--------+--------+--------+--------+-----+--------+
         Total |   2339 |   2273 |     66 |    182 |   1642 |   3 |  779.7 |
       Dungeon |   2339 |   2273 |     66 |    182 |   1642 |   3 |  779.7 |
               +--------+--------+--------+--------+--------+-----+--------+

Top non-repeatable levels by time:
     D:2: 1196 daAuts
     D:1: 807 daAuts
     D:3: 334 daAuts
